 Dungeon Crawl Stone Soup version 0.30.1-9-gdf580d7c3d (webtiles) character file.

Game seed: 2232440985113415112

19321 eliilek the Basher (level 12, -6/110 HPs)
             Began as a Minotaur Fighter on Oct 1, 2023.
             Was an Elder of Wu Jian.
             Mangled by a death yak (10 damage)
             ... on level 2 of the Lair of Beasts on Oct 2, 2023.
             The game lasted 00:38:42 (12330 turns).

eliilek the Basher (Minotaur Fighter)              Turns: 12330, Time: 00:38:43

Health: -6/110     AC: 28    Str: 23    XL:     12   Next: 35%
Magic:  11/11      EV:  7    Int:  5    God:    Wu Jian [****..]
Gold:   835        SH: 11    Dex: 13    Spells: 11/11 levels left

rFire   . . .        a - +4 flail
rCold   . . .        B - +0 kite shield
rNeg    . . .        g - +0 shadow dragon scales
rPois   .            (helmet restricted)
rElec   .            w - +0 cloak
rCorr   .            h - +0 pair of gloves
SInv    .            (no boots)
Will    .....        (no amulet)
Stlth   +++          i - +4 ring of protection
HPRegen 0.38/turn    u - +4 ring of protection
MPRegen 0.12/turn

%: no passive effects
@: mighty
A: horns 2, retaliatory headbutt
a: Renounce Religion, Wall Jump, Serpent's Lash


You were on level 2 of the Lair of Beasts.
You worshipped Wu Jian.
Wu Jian was greatly pleased with you.
You visited 2 branches of the dungeon, and saw 12 of its levels.
You also visited: Sewer.

You collected 835 gold pieces.

Inventory:

Hand Weapons
 a - a +4 flail (weapon)
 b - a +3 sling
Missiles
 j - 27 poisoned darts
 l - 5 atropa-tipped darts (quivered)
Armour
 g - +0 shadow dragon scales (worn)
 h - a +0 pair of gloves (worn)
 w - a +0 cloak (worn)
 B - a +0 kite shield (worn)
Jewellery
 i - a +4 ring of protection (left hand)
 t - a ring of resist corrosion
 u - a +4 ring of protection (right hand)
 y - a ring of ice
 E - a ring of flight
 I - an amulet of magic regeneration
Wands
 v - a wand of iceblast (29)
 D - a wand of light (9)
 K - a wand of mindburst (5)
 M - a wand of flame (5)
Scrolls
 f - 8 scrolls of teleportation
 m - 4 scrolls of summoning
 o - 2 scrolls of blinking
 x - a scroll of fog {unknown}
 C - 4 scrolls of brand weapon {unknown}
 G - a scroll of magic mapping {unknown}
 H - a scroll of immolation {unknown}
 J - 2 scrolls of fear {unknown}
 L - a scroll of poison {unknown}
Potions
 c - 2 potions of degeneration {unknown}
 d - a potion of might
 e - 3 potions of flight
 k - 3 potions of brilliance {unknown}
 n - 3 potions of magic {unknown}
 p - 5 potions of curing
 q - 3 potions of heal wounds
 r - 2 potions of lignification {unknown}
 s - 4 potions of mutation {unknown}
 z - 2 potions of cancellation {unknown}
 A - 2 potions of invisibility {unknown}
 F - a potion of experience {unknown}
 N - a potion of ambrosia {unknown}


   Skills:
 + Level 11.5 Fighting
 - Level 14.0 Maces & Flails
 + Level 7.2 Ranged Weapons
 - Level 12.0 Armour
 - Level 1.5 Stealth
 + Level 10.7 Shields


You had 11 spell levels left.
You didn't know any spells.
Your spell library contained the following spells:

 Spells                   Type           Power      Damage    Failure   Level
 Magic Dart               Conj           0%         1d3       99%         1
 Shock                    Conj/Air       0%         1d3       99%         1
 Sting                    Tmut/Pois      0%         1d3       99%         1
 Lesser Beckoning         Tloc           0%         N/A       100%        2
 Poisonous Vapours        Pois/Air       0%         N/A       100%        2
 Scorch                   Fire           0%         2d5       100%        2
 Sublimation of Blood     Necr           0%         N/A       100%        2
 Gell's Gravitas          Tloc           0%         N/A       100%        3
 Ignite Poison            Fire/Tmut/Pois 0%         N/A       100%        3
 Swiftness                Air            0%         N/A       100%        3
 Teleport Other           Tloc           0%         N/A       100%        3
 Volatile Blastmotes      Fire/Tloc      0%         2d10      100%        3
 Airstrike                Air            0%         2d(0-16)  100%        4
 Flame Wave               Conj/Fire      0%         2d4       100%        4
 Fulminant Prism          Conj/Hex       0%         3d5       100%        4
 Iskenderun's Mystic Bla  Conj/Tloc      0%         2d3       100%        4
 Olgreb's Toxic Radiance  Pois           0%         N/A       100%        4
 Petrify                  Tmut/Erth      0%         N/A       100%        4
 Sticky Flame             Conj/Fire      0%         2d3       100%        4
 Blade Hands              Tmut           0%         N/A       100%        5
 Irradiate                Conj/Tmut      0%         3d11      100%        5
 Lee's Rapid Deconstruct  Erth           0%         3d4*      100%        5
 Summon Cactus Giant      Summ           0%         N/A       100%        6
 Dragon Form              Tmut           0%         N/A       100%        7
 Discord                  Hex            0%         N/A       100%        8
 Ignition                 Fire           0%         3d3       100%        8


Dungeon Overview and Level Annotations

Branches:
Dungeon (10/15)            Temple (0/1) D:4            Lair (2/5) D:8
  Sewer (visited)
  Swamp: Lair:2-3    Shoals: Lair:2-3     Snake: Lair:2-3    Spider: Lair:2-3
    Orc: D:9-12

Altars:
Ashenzari
Cheibriados
Dithmenos
Elyvilon
Fedhas
Gozag
Hepliaklqana
Kikubaaqudgha
Qazlal
Ru
Sif Muna
Uskayaw
Vehumet
Wu Jian
Xom
Zin


Innate Abilities, Weirdness & Mutations

You have a pair of horns on your head.
You reflexively headbutt those who attack you in melee.


Message History

The death yak gores you but does no damage.
The death yak barely misses you. You furiously retaliate!
You headbutt the death yak.
You kill the death yak!
The Council accepts your kill.
You thump the death yak!
The death yak is heavily wounded.
You hit the death yak.
The death yak is heavily wounded.
You block the death yak's attack. The death yak gores you.
* * * LOW HITPOINT WARNING * * *
You thump the death yak!
The death yak is severely wounded.
The death yak gores you but does no damage.
The death yak gores you.
* * * LOW HITPOINT WARNING * * *
You feel much better. The death yak gores you.
* * * LOW HITPOINT WARNING * * *
You block the death yak's attack.
You sock the death yak!
The death yak is almost dead.
The heavenly storm settles.
The death yak gores you but does no damage. x2
You barely miss the death yak.
The death yak is almost dead.
The death yak gores you but does no damage.
The death yak gores you.
* * * LOW HITPOINT WARNING * * *
You thump the death yak! Your headbutt misses the death yak.
The death yak is almost dead.
You barely miss the death yak.
The death yak is almost dead.
The death yak gores you but does no damage.
You block the death yak's attack.
You barely miss the death yak.
The death yak is almost dead.
The death yak gores you!!
* * * LOW HITPOINT WARNING * * *
The death yak gores you!
You die...

.#.....................#
....P....#............##
.....##...#..........#.#
......##.##.........####
...................##
.................###
........##....○### ####
.........###..☼○####..##
... .........#
####☼@Y○§...### ...
.<......## ###Y☼§...#.#
... ........#
##§☼○§....#### #...
........#
##..........#P##....
......###
#...............#...
......#
###..............#..
....###
#........#.#...?.# ..###
##.#......###..... .P#
##.#####..####..#


You could see 2 death yaks.

Vanquished Creatures
  Erolcha (D:10)
  3 death yaks
  Amaemon (Lair:2)
  Nergalle (Lair:1)
  A skyshark (Lair:1)
  A manticore (D:10)
  3 elephants (Lair:1)
  Maurice (D:8)
  2 black mambas
  An orange demon (Lair:2)
  A cane toad (D:8)
  A kobold demonologist (D:10)
  3 komodo dragons (Lair:1)
  9 trolls
  A polar bear (Lair:1)
  Sigmund (D:3)
  4 wyverns
  23 yaks
  A steam dragon (D:7)
  A basilisk (Lair:1)
  Menkaure (D:6)
  An acid dragon (D:10)
  Edmund (D:4)
  A water moccasin (D:8)
  6 orc warriors
  An ice beast (D:6)
  2 black bears
  4 ogres
  4 kobold brigands
  A phantom (D:7)
  11 bullfrogs
  2 gnoll sergeants
  11 wights
  2 scorpions (D:5)
  5 killer bees (D:8)
  4 howler monkeys
  2 hounds
  5 jellies
  Crazy Yiuf (D:4)
  7 orc priests
  An iguana (D:6)
  11 orc wizards
  2 sleepcaps
  Robin (D:4)
  4 adders
  10 gnolls
  A river rat (Sewer)
  2 white imps
  3 worms
  4 dart slugs
  38 orcs
  7 ball pythons
  9 bats
  5 endoplasms
  7 giant cockroaches
  8 goblins
  11 hobgoblins
  4 jackals
  17 kobolds
  8 quokkas
  3 frilled lizards
  8 rats
296 creatures vanquished.

Notes
Turn   | Place    | Note
-------+----------+-------------------------------------------
     0 | D:1      | eliilek the Minotaur Fighter began the quest for the Orb.
     0 | D:1      | Reached XP level 1. HP: 19/19 MP: 0/0
   171 | D:1      | Reached XP level 2. HP: 22/27 MP: 1/1
   592 | D:1      | Found a faded altar of an unknown god.
   600 | D:1      | Prayed at the altar of an unknown god.
   600 | D:1      | Became a worshipper of the Wu Jian Council
   600 | D:1      | Reached * piety under Wu Jian
   665 | D:1      | Reached skill level 3 in Maces & Flails
   753 | D:2      | Reached XP level 3. HP: 24/33 MP: 2/2
  1113 | D:2      | Reached ** piety under Wu Jian
  1301 | D:3      | Noticed Sigmund
  1313 | D:3      | Killed Sigmund
  1314 | D:3      | Reached skill level 4 in Maces & Flails
  1314 | D:3      | Reached skill level 1 in Stealth
  1314 | D:3      | Reached skill level 5 in Shields
  1314 | D:3      | Reached XP level 4. HP: 33/41 MP: 3/3
  1314 | D:3      | Reached XP level 5. HP: 38/47 MP: 4/4
  1517 | D:3      | Found a snail-covered altar of Cheibriados.
  2083 | D:3      | Found an opulent altar of Gozag.
  2428 | D:4      | Found a white marble altar of Elyvilon.
  2500 | D:4      | Noticed Edmund
  2518 | D:4      | Killed Edmund
  2519 | D:4      | Reached XP level 6. HP: 17/52 MP: 5/5
  2645 | D:4      | Found a staircase to the Ecumenical Temple.
  2692 | D:4      | Found a runed translucent door.
  2694 | D:4      | Noticed Crazy Yiuf
  2702 | D:4      | Killed Crazy Yiuf
  2703 | D:4      | Reached skill level 5 in Maces & Flails
  2703 | D:4      | Reached skill level 1 in Ranged Weapons
  3126 | D:4      | Found a blossoming altar of Fedhas.
  3203 | D:4      | Noticed Robin
  3218 | D:4      | Killed Robin
  3220 | D:4      | Reached *** piety under Wu Jian
  3465 | D:5      | Entered Level 5 of the Dungeon
  3490 | D:5      | Reached XP level 7. HP: 60/60 MP: 6/6
  3586 | D:5      | Found a glowing silver altar of Zin.
  3586 | D:5      | Noticed an angel
  3652 | D:5      | Found a glowing drain.
  3675 | Sewer    | Entered a sewer
  3682 | Sewer    | Reached skill level 5 in Fighting
  3777 | Sewer    | Reached skill level 5 in Armour
  3784 | Sewer    | HP: 3/61 [poisoned by a kobold brigand]
  3963 | Sewer    | Found a white marble altar of Elyvilon.
  4106 | D:5      | Found an ornate altar of the Wu Jian Council.
  4336 | D:5      | Reached skill level 6 in Maces & Flails
  4453 | D:5      | Reached XP level 8. HP: 55/69 MP: 7/7
  4861 | D:6      | Found a hide-covered altar of Uskayaw.
  4982 | D:6      | You fall into a shaft and drop 2 floors!
  5001 | D:8      | Reached skill level 7 in Maces & Flails
  5262 | D:8      | Reached skill level 8 in Maces & Flails
  5389 | D:8      | Reached **** piety under Wu Jian
  5463 | D:8      | Reached XP level 9. HP: 75/78 MP: 8/8
  5477 | D:8      | Found a staircase to the Lair.
  5651 | D:7      | Reached skill level 9 in Maces & Flails
  5666 | D:7      | Found a shimmering altar of Xom.
  5833 | D:6      | Found a stormy altar of Qazlal.
  6035 | D:6      | Reached skill level 5 in Ranged Weapons
  6084 | D:6      | Noticed Menkaure
  6094 | D:6      | Killed Menkaure
  6585 | D:7      | Reached skill level 10 in Maces & Flails
  7206 | D:8      | Reached ***** piety under Wu Jian
  7244 | D:8      | Noticed Maurice
  7300 | D:8      | Killed Maurice
  7301 | D:8      | Reached XP level 10. HP: 59/88 MP: 9/9
  7837 | D:9      | Reached skill level 11 in Maces & Flails
  8451 | D:9      | Found a sacrificial altar of Ru.
  8652 | D:10     | Entered Level 10 of the Dungeon
  8680 | D:10     | Noticed a soul eater
  8723 | D:10     | Found a hazy altar of Hepliaklqana.
  8756 | D:10     | Found a shadowy altar of Dithmenos.
  8767 | D:10     | Noticed a manticore
  8774 | D:10     | Noticed Erolcha
  8808 | D:10     | Killed a manticore
  8809 | D:10     | Reached skill level 12 in Maces & Flails
  8893 | D:10     | Killed Erolcha
  8894 | D:10     | Reached skill level 10 in Armour
  9044 | D:10     | Found a radiant altar of Vehumet.
  9049 | D:10     | Reached XP level 11. HP: 97/97 MP: 10/10
  9063 | D:10     | Got Vehumet's Atlas of Arcane Weapons
  9065 | D:10     | Found an ancient bone altar of Kikubaaqudgha.
  9066 | D:10     | Found a shimmering blue altar of Sif Muna.
  9977 | Lair:1   | Entered Level 1 of the Lair of Beasts
  9991 | D:8      | Reached skill level 13 in Maces & Flails
 10064 | Lair:1   | Noticed a skyshark
 10141 | Lair:1   | Killed a skyshark
 10152 | Lair:1   | Reached skill level 10 in Fighting
 10307 | Lair:1   | Noticed Nergalle
 10600 | Lair:1   | Killed Nergalle
 10672 | Lair:1   | Found a broken altar of Ashenzari.
 11076 | Lair:1   | Reached skill level 14 in Maces & Flails
 11095 | Lair:1   | Reached XP level 12. HP: 89/108 MP: 11/11
 11393 | Lair:1   | Reached skill level 10 in Shields
 11809 | Lair:2   | Noticed Amaemon
 11835 | Lair:2   | Killed Amaemon
 11942 | Lair:2   | Noticed a death yak
 11943 | Lair:2   | Noticed a death yak
 11967 | Lair:2   | Noticed a death yak
 11968 | Lair:2   | Noticed a death yak
 12031 | Lair:1   | Killed a death yak
 12277 | Lair:2   | Noticed a death yak
 12277 | Lair:2   | Noticed a death yak
 12277 | Lair:2   | Noticed a death yak
 12301 | Lair:2   | Noticed a death yak
 12307 | Lair:2   | Killed a death yak
 12321 | Lair:2   | Killed a death yak
 12324 | Lair:2   | HP: 2/110 [death yak (4)]
 12330 | Lair:2   | HP: 4/110 [death yak (18)]
 12330 | Lair:2   | Mangled by a death yak

Illustrated notes

Levels and vault maps discovered:
D:1:      psy_arrival_radial01, layout_basic,
          hellmonk_ecumenical_altar_leap_of_faith
D:2:      kb_forest_paths, layout_basic, minmay_misc_feat_more_columns,
          nrook_mini_backslash, small_statue_intersection
D:3:      layout_loops_corners, lemuel_tele_altar, cheibrodos_worm_habitat,
          amcnicky_mini_corridor_feature, uniq_sigmund
D:4:      layout_loops_corners, elyvilon_altar_4, fedhas_altar_4,
          minmay_temple_entry_ruins, minmay_close_crescents, uniq_edmund,
          uniq_crazy_yiuf_cottage, uniq_robin
D:5:      layout_basic, mainiacjoe_overflow_paths, zin_angel,
          portal_sewer_entry_f, minmay_bent
D:6:      layout_loops_ring, general_overflow_altar,
          mainiacjoe_overflow_tiny_flanked, uniq_menkaure
D:7:      layout_gridville, dk_xom_monty_hall
D:8:      layout_loops_ring, lair_entry_dummy, uniq_maurice
D:9:      layout_loops_cross, nicolae_ru_path_of_blood
D:10:     lemuel_troll_bridge, layout_irregular_city,
          grunt_temple_overflow_magic_moments, mainiacjoe_overflow_chevrons,
          amcnicky_altar_gilded, uniq_erolcha
Lair:1:   layout_cave_pods, basic_altar, dreamdust_mushroom_princess,
          uniq_nergalle
Lair:2:   layout_cave_pods, grunt_megastairs_2, uniq_amaemon

Skill      XL: |  1  2  3  4  5  6  7  8  9 10 11 12 |
---------------+-------------------------------------+-----
Shields        | 4 5 6 7 8 9 10 | 10.7
Maces & Flails | 3 4 5 6 8 10 12 14 | 14.0
Armour         | 4 5 6 8 10 12 | 12.0
Fighting       | 4 5 6 8 9 10 11 | 11.5
Stealth        | 1 |  1.5
Ranged Weapons | 1 2 4 6 7 |  7.2

Action                     |  1- 3 |  4- 6 |  7- 9 | 10-12 || total
---------------------------+-------+-------+-------+-------++-------
  Melee: Flail             |    84 |    84 |   284 |   478 ||   930
         Headbutt          |    10 |    20 |    42 |   116 ||   188
   Fire: Sling             |     7 |    36 |   136 |    92 ||   271
 Invoke: Serpent's Lash    |       |       |       |     1 ||     1
         Heavenly Storm    |       |       |       |     1 ||     1
Ability: Whirlwind         |     2 |       |     9 |     9 ||    20
         Lunge             |     3 |       |    12 |    10 ||    25
         Wall Jump         |       |     1 |     1 |     3 ||     5
    Use: Potion            |     1 |       |     1 |     4 ||     6
         Scroll            |       |     7 |     2 |     1 ||    10
   Stab: Sleeping          |     9 |       |     3 |     1 ||    13
 Armour: Scale mail        |     5 |       |       |       ||     5
         Chain mail        |     4 |       |       |       ||     4
         Shadow dragon sca |    39 |    50 |   119 |   239 ||   447
  Dodge: Dodged            |    31 |    22 |    68 |   132 ||   253
  Block: Buckler           |    21 |    14 |    39 |       ||    74
         Kite shield       |       |       |    46 |   262 ||   308
